 Dungeon Crawl Stone Soup version 0.16.2-2-g470672f (webtiles) character file.

214 hannobal the Conjurer (level 5, -1/35 HPs)
             Began as a Mummy Venom Mage on Aug 31, 2015.
             Was a Follower of Sif Muna.
             Slain by Grinder (11 damage)
             ... on level 3 of the Dungeon.
             The game lasted 00:11:28 (3800 turns).

hannobal the Conjurer (Mummy Venom Mage)            Turns: 3800, Time: 00:11:28

Health: -1/35      AC:  6    Str: 11    XL:     5   Next: 60%
Magic:  1/9        EV: 12    Int: 15    God:    Sif Muna [*.....]
Gold:   85         SH:  0    Dex: 12    Spells: 1 memorised, 7 levels left

rFire  x . .     SeeInvis .     a - +0 mace
rCold  + . .     Clarity  .     (no armour)
rNeg   + + +     SustAb   .     (no shield)
rPois  ∞         Gourm    .     (no helmet)
rElec  .         Spirit   .     g - +0 cloak
rCorr  .         Warding  .     (no gloves)
rMut   .         Stasis   .     (no boots)
MR     .....                    (no amulet)
Stlth  ++........               (no ring)
                                i - +5 ring of protection

@: very slightly contaminated, not resistant to hostile enchantments, unstealthy
A: no food or potions, fire vulnerability, restore body, cold resistance 1,
negative energy resistance 3, poison resistance, torment resistance, unbreathing
a: Channel Energy, Renounce Religion


You were on level 3 of the Dungeon.
You worshipped Sif Muna.
Sif Muna was aware of your devotion.
You were not hungry.

You visited 1 branch of the dungeon, and saw 3 of its levels.

You collected 85 gold pieces.

Inventory:

Hand weapons
 a - a +0 mace (weapon)
 b - a +0 blowgun
 c - a +0 short sword
 m - a +0 spear
Missiles
 d - 119 stones (quivered)
 h - 12 bolts
 o - 22 poisoned needles
Armour
 e - a +0 shield
 g - a +0 cloak (worn)
 k - a +2 plate armour of positive energy
 n - a +0 robe
Jewellery
 i - a +5 ring of protection (left hand)
Magical devices
 p - a wand of slowing (12)
Scrolls
 f - 3 scrolls of identify
 j - 2 scrolls of remove curse
 l - 3 scrolls of fog
Books
 q - a Young Poisoner's Handbook

   Spells                             Type                      Level
   a - Sting                          Conjuration/Poison           1
   b - Cure Poison                    Poison                       2
   c - Mephitic Cloud                 Conjuration/Poison/Air       3
   d - Olgreb's Toxic Radiance        Poison                       4
   e - Venom Bolt                     Conjuration/Poison           5


   Skills:
 - Level 1.5 Dodging
 - Level 1.5 Stealth
 + Level 2.1 Spellcasting
 - Level 4.3 Conjurations
 - Level 3.3 Poison Magic


You had 7 spell levels left.
You knew the following spells:

 Your Spells              Type           Power        Failure   Level  Hunger
z - Sting                 Conj/Pois      ##..         6%          1    N/A

Dungeon Overview and Level Annotations

Branches:
Dungeon (3/15)

Altars:
Gozag
Okawaru
Sif Muna

Annotations:
D:3 Grinder


Innate Abilities, Weirdness & Mutations

You do not eat or drink.
Your flesh is vulnerable to fire.
Your flesh is cold resistant.
You are immune to negative energy.
Your system is resistant to poisons.
You are immune to unholy pain and torment.
You can survive without breathing.


Message History

Grinder grins, showing sharp teeth.
Grinder gestures at you. You resist with some effort.
You hit Grinder.
Grinder is moderately wounded.
Grinder gestures at you.
You struggle to resist.
Read which item? (? for menu, Esc to quit)
Okay, then.
You hit Grinder.
Grinder is moderately wounded.
Grinder barely misses you. Grinder hits you.
* * * LOW HITPOINT WARNING * * *
You hit Grinder.
Grinder is moderately wounded.
Grinder hits you but does no damage.
You hit Grinder but do no damage.
Grinder is moderately wounded.
Grinder hits you!
You die...

#.# ... ##.## #...# ..>
... #.# #$# #@# ##5## ###
##...## ..# ##.....##
####.# ##.......## ##.##.#
####.........####...#.###
....'....<....'...........
####.........####.%.....#
##.......## ##.##.#.#


You could see Grinder.

Vanquished Creatures
  Sigmund (D:3)
  4 gnolls (D:3)
  2 river rats (D:3)
  2 giant mites (D:3)
  2 worms (D:2)
  2 giant geckos
  An ooze (D:2)
  2 orcs (D:3)
  A ball python (D:2)
  8 bats
  2 giant cockroaches
  7 hobgoblins
  7 kobolds
  A quokka (D:2)
  2 giant newts (D:3)
  3 goblins
  10 rats
57 creatures vanquished.

Notes
Turn   | Place    | Note
--------------------------------------------------------------
     0 | D:1      | hannobal, the Mummy Venom Mage, began the quest for the Orb.
     0 | D:1      | Reached XP level 1. HP: 13/13 MP: 3/3
   178 | D:1      | Reached skill level 1 in Conjurations
   498 | D:1      | Reached XP level 2. HP: 19/19 MP: 0/4
   975 | D:2      | Found a deep blue altar of Sif Muna.
   986 | D:2      | Became a worshipper of Sif Muna the Loreminder
  1671 | D:2      | Reached XP level 3. HP: 24/24 MP: 0/6
  1898 | D:2      | Found an opulent altar of Gozag.
  2261 | D:3      | Noticed Sigmund
  2641 | D:3      | Found an iron altar of Okawaru.
  2888 | D:2      | Reached XP level 4. HP: 30/30 MP: 0/7
  3099 | D:3      | Killed Sigmund
  3099 | D:3      | Reached skill level 4 in Conjurations
  3099 | D:3      | Reached XP level 5. HP: 24/35 MP: 0/9
  3439 | D:3      | Acquired Sif Muna's first power
  3785 | D:3      | Noticed Grinder
  3800 | D:3      | Slain by Grinder

Action                   |  1- 3 |  4- 6 || total
-------------------------+-------+-------++-------
Melee: Unarmed           |     8 |       ||     8
       Short sword       |     4 |       ||     4
       Mace              |     7 |    14 ||    21
       Spear             |     1 |       ||     1
 Fire: Blowgun           |       |     1 ||     1
 Cast: Sting             |   102 |    56 ||   158
Invok: Channel Energy    |       |     3 ||     3
  Use: Scroll            |     7 |       ||     7
